[Event "Titled Tuesday Blitz February 07 Late 2023"]
[White "Darini, Pouria"]
[Black "Baskakov, Egor"]
[WhiteFideId "12502200"]
[BlackFideId "24197866"]
[WhiteElo "2401"]
[BlackElo "2215"]
[Result "1/2-1/2"]
[Round "07"]
[TimeControl "180+2"]
[Date "2023.02.07"]
[WhiteClock "0:00:32"]
[BlackClock "0:02:16"]

1. e4 c5 2. Nf3 Nf6 3. e5 Nd5 4. Nc3 e6 5. g3 Nc6 6. Bg2 d6 7. exd6 Bxd6 8. O-O O-O 9. d3 Nxc3 10. bxc3 b6 11. a4 Bb7 12. Ng5 h6 13. Ne4 Be7 14. Rb1 Qc7 15. Bf4 e5 16. Bc1 Rad8 17. Qe2 f5 18. Nd2 Bf6 19. Nc4 Rfe8 20. Qh5 Ne7 21. Bxb7 Qxb7 22. Nd6 Rxd6 23. Qxe8+ Kh7 24. a5 Qf3 25. axb6 axb6 26. Qb8 Ng6 27. Qxd6 Nh4 28. gxh4 Qg4+ 29. Kh1 Qf3+ 30. Kg1 Qg4+ 31. Kh1 Qf3+ 32. Kg1 1/2-1/2


[Site "https://www.chess.com"]

[Event "Titled Tuesday Blitz February 07 Late 2023"]
[White "Grigorov, Grigor"]
[Black "Makarian, Rudik"]
[WhiteFideId "2907313"]
[BlackFideId "44105681"]
[WhiteElo "2510"]
[BlackElo "2545"]
[Result "1-0"]
[Round "07"]
[TimeControl "180+2"]
[Date "2023.02.07"]
[WhiteClock "0:00:09"]
[BlackClock "0:00:02"]

1. d4 Nf6 2. Nf3 c5 3. d5 b5 4. Bg5 g6 5. Bxf6 exf6 6. e4 b4 7. Bd3 Bg7 8. Nbd2 O-O 9. O-O d6 10. Nc4 Qc7 11. h3 Nd7 12. a3 a5 13. axb4 cxb4 14. Nd4 f5 15. Nb5 Qc5 16. Nbxd6 fxe4 17. Bxe4 Ne5 18. Nxe5 Bxe5 19. Nxc8 Bxb2 20. Ra2 Bc3 21. d6 Raxc8 22. d7 Rcd8 23. Qd3 Kg7 24. Rd1 f5 25. Bb7 Rf7 26. Bc8 Re7 27. g3 h5 28. Qd5 Qxd5 29. Rxd5 Re2 30. Raxa5 b3 31. cxb3 Bxa5 32. Rxa5 Rb2 33. Rb5 Kf6 34. h4 Ke7 35. Rb6 Rg8 36. Kg2 Kd8 37. Kf3 Rc2 38. b4 Kc7 39. Re6 Kd8 40. b5 Rb2 41. b6 g5 42. hxg5 Rb4 43. Ke3 h4 44. gxh4 Rxh4 45. f4 Rh3+ 46. Kd4 Rb3 47. b7 Rf8 48. g6 1-0


[Site "https://www.chess.com"]

[Event "Titled Tuesday Blitz February 07 Late 2023"]
[White "Melkumyan, Hrant"]
[Black "Fiorito, Joaquin"]
[WhiteFideId "13302485"]
[BlackFideId "180173"]
[WhiteElo "2645"]
[BlackElo "2405"]
[Result "1-0"]
[Round "07"]
[TimeControl "180+2"]
[Date "2023.02.07"]
[WhiteClock "0:00:05"]
[BlackClock "0:00:05"]

1. d4 Nf6 2. c4 e6 3. Bf4 d5 4. e3 c6 5. Nc3 Nbd7 6. Nf3 Be7 7. h3 O-O 8. Rc1 h6 9. a3 a6 10. c5 Ne8 11. b4 Nc7 12. a4 Re8 13. Bd3 Bf6 14. Ne5 Nxe5 15. dxe5 Be7 16. Ne2 a5 17. b5 Bd7 18. Nd4 f5 19. O-O Rf8 20. Qb3 Qe8 21. Rc2 Bd8 22. Rb1 g5 23. Bh2 h5 24. Rcb2 Kh8 25. Qd1 Be7 26. Qc1 Bd8 27. bxc6 bxc6 28. Rb8 Rxb8 29. Rxb8 Qf7 30. Qc3 h4 31. Qxa5 g4 32. Rxd8 Rxd8 33. Qxc7 Rc8 34. Qb7 gxh3 35. gxh3 Rg8+ 36. Kh1 Qh5 37. Qb1 Qg5 38. Bf1 Qe7 39. Qc1 Qg7 40. a5 Bc8 41. Qd1 Qg6 42. Qf3 Rg7 43. Be2 Kg8 44. a6 Qe8 45. Qh5 Qd8 46. Bf4 Qa5 47. Qe8+ Kh7 48. Qh5+ Kg8 49. Nf3 Bxa6 50. Bxa6 Qxa6 51. Qe8+ Kh7 52. Qh5+ Kg8 53. Ng1 Qf1 54. Bg5 Qxf2 55. Qe8+ Kh7 56. Qh5+ Kg8 57. Qxh4 Qf1 58. Qg3 Qd3 59. h4 d4 60. Kh2 Qe4 61. exd4 Qxd4 62. Nh3 Ra7 63. Nf4 Ra2+ 64. Ng2 Kf7 65. h5 Ra8 66. Bf6 Rg8 67. Bg5 Rh8 68. h6 Rg8 69. Nf4 Qxe5 70. Nh3 Qxg3+ 71. Kxg3 Kg6 72. Kf4 Re8 73. Ke5 Rd8 74. Kxe6 Rd1 75. Bf4 Rh1 76. Ng5 Rxh6 77. Nf7 Rh7 78. Ne5+ Kh5 79. Nxc6 Kg4 80. Bd6 Rh6+ 81. Kd5 f4 82. Ne5+ Kg5 83. Nf7+ Kg6 84. Nxh6 f3 85. Bg3 f2 86. Bxf2 1-0


[Site "https://www.chess.com"]

[Event "Titled Tuesday Blitz February 07 Late 2023"]
[White "Perske, Thore"]
[Black "Bacrot, Etienne"]
[WhiteFideId "12902195"]
[BlackFideId "605506"]
[WhiteElo "2448"]
[BlackElo "2667"]
[Result "1-0"]
[Round "07"]
[TimeControl "180+2"]
[Date "2023.02.07"]
[WhiteClock "0:00:05"]
[BlackClock "0:00:04"]

1. e4 c5 2. Nf3 d6 3. g3 Nf6 4. d3 g6 5. Bg2 Bg7 6. O-O O-O 7. Nc3 Nc6 8. h3 Rb8 9. a4 a6 10. Be3 b5 11. axb5 axb5 12. Qd2 b4 13. Nd1 c4 14. dxc4 Nxe4 15. Qd5 Nf6 16. Qxc6 Bb7 17. Qb6 Qxb6 18. Bxb6 Bxf3 19. Bxf3 Rxb6 20. Ra7 e6 21. Ne3 Rd8 22. Rd1 Nd7 23. b3 Nc5 24. h4 h5 25. Kg2 Bf6 26. Nf1 Bc3 27. Ne3 Kg7 28. Kf1 Ra6 29. Rxa6 Nxa6 30. Ng2 f5 31. Nf4 Kf6 32. Ne2 Be5 33. Nc1 Bc3 34. Ne2 Bb2 35. Nf4 Be5 36. Nd3 Bc3 37. Nf4 Nc5 38. Nd3 Ne4 39. Bxe4 fxe4 40. Nf4 Be5 41. Ng2 d5 42. cxd5 exd5 43. Ne3 Ke6 44. Ke2 Bc3 45. Ng2 Be5 46. Ne3 d4 47. Nc4 Bf6 48. f3 exf3+ 49. Kxf3 Ra8 50. Ke4 Re8 51. Rf1 Bg7 52. Kd3 Ra8 53. Re1+ Kf5 54. Re4 Ra1 55. Nd6+ Kf6 56. Ne8+ Kf7 57. Nxg7 Kxg7 58. Kxd4 Rg1 59. Re3 Rg2 60. Kc4 Rxc2+ 61. Kxb4 Kf6 62. Kb5 Kf5 63. b4 Rc8 64. Ka6 Ra8+ 65. Kb7 Ra1 66. b5 Rb1 67. b6 Kg4 68. Kc7 Rc1+ 69. Kb8 Rb1 70. b7 Kh3 71. Rc3 Kg4 72. Kc7 g5 73. hxg5 1-0


[Site "https://www.chess.com"]

[Event "Titled Tuesday Blitz February 07 Late 2023"]
[White "Swiercz, Dariusz"]
[Black "Korchmar, Vasiliy"]
[WhiteFideId "1126881"]
[BlackFideId "24131750"]
[WhiteElo "2637"]
[BlackElo "2438"]
[Result "1-0"]
[Round "07"]
[TimeControl "180+2"]
[Date "2023.02.07"]
[WhiteClock "0:00:08"]
[BlackClock "0:00:01"]

1. d4 d5 2. Nf3 Nf6 3. Bg5 Ne4 4. Bf4 c5 5. Nc3 Nxc3 6. bxc3 Nc6 7. g3 g6 8. Bg2 Bg7 9. O-O O-O 10. dxc5 Bxc3 11. Rb1 Bg7 12. Qd2 Re8 13. Bh6 Bf6 14. Rfd1 d4 15. e3 dxe3 16. Bxe3 Be6 17. Rxb7 Qc8 18. Rbb1 Bxa2 19. Rbc1 Rd8 20. Qe1 Rxd1 21. Rxd1 Rb8 22. c3 a5 23. Nd4 Nxd4 24. cxd4 a4 25. Ra1 Qe6 26. Qa5 Bb3 27. c6 Rc8 28. Rc1 Qd6 29. d5 a3 30. Bc5 Qe5 31. Qxa3 Bxd5 32. Bxd5 Qxd5 33. Bxe7 Bxe7 34. Qxe7 Qd8 35. Qc5 Qc7 36. h4 h5 37. Qc3 Kh7 38. Qf6 Kg8 39. Rd1 Qb6 40. Rd7 Rf8 41. Qd6 Qb1+ 42. Kh2 Qc2 43. Qf6 1-0


[Site "https://www.chess.com"]

[Event "Titled Tuesday Blitz February 07 Late 2023"]
[White "Sanal, Vahap"]
[Black "EREBUNI91"]
[WhiteFideId "6300545"]
[WhiteElo "2600"]
[BlackElo "2759"]
[Result "0-1"]
[Round "07"]
[TimeControl "180+2"]
[Date "2023.02.07"]
[WhiteClock "0:00:25"]
[BlackClock "0:01:02"]

1. Nf3 Nf6 2. b3 e6 3. Bb2 Be7 4. g3 O-O 5. Bg2 b6 6. Ne5 d5 7. O-O Bb7 8. c4 Nbd7 9. d4 c5 10. cxd5 Nxd5 11. Nxd7 Qxd7 12. dxc5 Bxc5 13. Nc3 Rfd8 14. Nxd5 Bxd5 15. Bxd5 Qxd5 16. Qxd5 Rxd5 17. Rfd1 Rad8 18. Rxd5 Rxd5 19. Bc3 f5 20. Kf1 Kf7 21. Re1 g5 22. Rc1 g4 23. a4 e5 24. b4 Be7 25. Be1 Ke6 26. b5 Bc5 27. Kg2 Rd4 28. a5 Ra4 29. axb6 axb6 30. Rd1 Ra2 31. Kf1 Rb2 32. Rd8 Rb1 33. Re8+ Kf6 34. Rb8 Bb4 35. Rxb6+ Kg5 36. Kg2 Bxe1 37. Rb8 Ba5 38. h3 gxh3+ 39. Kxh3 Rb2 40. Rg8+ Kf6 41. Rf8+ Ke6 42. Re8+ Kf6 43. Rf8+ Kg6 44. Rc8 Rxb5 45. Rc6+ Kg5 46. e3 e4 47. Rc2 Rd5 48. Ra2 Be1 49. Re2 Bd2 50. Kg2 Kg4 0-1


[Site "https://www.chess.com"]

[Event "Titled Tuesday Blitz February 07 Late 2023"]
[White "Urazayev, Arystanbek"]
[Black "Janaszak, Dawid"]
[WhiteFideId "13709810"]
[BlackFideId "1119206"]
[WhiteElo "2460"]
[BlackElo "2316"]
[Result "0-1"]
[Round "07"]
[TimeControl "180+2"]
[Date "2023.02.07"]
[WhiteClock "0:00:02"]
[BlackClock "0:00:05"]

1. e4 e5 2. Nf3 Nc6 3. Bb5 a6 4. Ba4 Nf6 5. O-O b5 6. Bb3 Be7 7. d3 O-O 8. Nc3 d6 9. a3 Na5 10. Ba2 c5 11. Bg5 Bg4 12. h3 Bh5 13. Bxf6 Bxf6 14. Nd5 Nc6 15. c3 Re8 16. b4 Be7 17. Ne3 Bf8 18. Nf5 cxb4 19. axb4 Kh8 20. Bd5 Qb6 21. g4 Bg6 22. Qb3 Ra7 23. Ng5 Nd8 24. Kg2 h6 25. Nf3 Ne6 26. Qc2 a5 27. bxa5 Rxa5 28. Rxa5 Qxa5 29. Kh2 Rc8 30. c4 b4 31. Qb2 Rb8 32. Ra1 Qc5 33. Kg3 Nf4 34. Qb3 Ne2+ 35. Kg2 Nf4+ 36. Kf1 Nxh3 37. d4 exd4 38. N3xd4 Bxf5 39. Qe3 Bxg4 40. Ra6 b3 41. Nxb3 Rxb3 42. Qxc5 dxc5 43. Bxf7 Rb2 44. Bd5 Rxf2+ 45. Ke1 Bd6 46. Rxd6 h5 47. e5 Rf4 48. e6 Rf5 49. Kd2 Re5 50. Kd3 Nf4+ 51. Kc3 Bxe6 52. Bb7 h4 53. Rd8+ Kh7 54. Rf8 g5 0-1


[Site "https://www.chess.com"]

[Event "Titled Tuesday Blitz February 07 Late 2023"]
[White "Indjic, Aleksandar"]
[Black "UnknownMagician"]
[WhiteFideId "911925"]
[WhiteElo "2618"]
[BlackElo "2696"]
[Result "0-1"]
[Round "07"]
[TimeControl "180+2"]
[Date "2023.02.07"]
[WhiteClock "0:01:05"]
[BlackClock "0:00:53"]

1. a3 e5 2. c4 g6 3. d3 Bg7 4. Nf3 Nc6 5. Nbd2 f5 6. e3 Nf6 7. Qc2 O-O 8. Be2 a5 9. Rb1 a4 10. b4 axb3 11. Rxb3 d6 12. O-O b6 13. Rb1 h6 14. Bb2 g5 15. d4 e4 16. Ne1 Qe7 17. c5 bxc5 18. dxc5 Ne5 19. Nc4 Nxc4 20. Bxc4+ Be6 21. Bxe6+ Qxe6 22. cxd6 cxd6 23. Qd2 d5 24. Nc2 Ng4 25. h3 Ne5 26. Bxe5 Bxe5 27. Rb5 Rad8 28. Rd1 f4 29. Rxd5 Rc8 30. exf4 gxf4 31. Qe2 f3 32. Qxe4 Bh2+ 33. Kxh2 Qxe4 34. Ne3 fxg2 35. Ng4 Qf4+ 36. Kg1 Rc2 0-1


[Site "https://www.chess.com"]

[Event "Titled Tuesday Blitz February 07 Late 2023"]
[White "Kozak, Adam"]
[Black "Kalogeris, Ioannis"]
[WhiteFideId "753246"]
[BlackFideId "4239563"]
[WhiteElo "2572"]
[BlackElo "2423"]
[Result "0-1"]
[Round "07"]
[TimeControl "180+2"]
[Date "2023.02.07"]
[WhiteClock "0:01:06"]
[BlackClock "0:01:37"]

1. c4 Nf6 2. Nc3 c6 3. e4 d5 4. e5 d4 5. exf6 dxc3 6. fxg7 cxd2+ 7. Qxd2 Qxd2+ 8. Bxd2 Bxg7 9. O-O-O Nd7 10. Nf3 Nc5 11. Bb4 b6 12. Bxc5 bxc5 13. Bd3 Rb8 14. b3 a5 15. Be4 Bd7 16. Rhe1 a4 17. Kc2 axb3+ 18. axb3 Ra8 19. Rd2 Ra2+ 20. Kd1 Ra3 21. Ng5 Bc3 22. Rd3 Ra1+ 0-1


[Site "https://www.chess.com"]

[Event "Titled Tuesday Blitz February 07 Late 2023"]
[White "Pichot, Alan"]
[Black "Martinez Ramirez, Lennis"]
[WhiteFideId "110973"]
[BlackFideId "3509079"]
[WhiteElo "2638"]
[BlackElo "2426"]
[Result "1-0"]
[Round "07"]
[TimeControl "180+2"]
[Date "2023.02.07"]
[WhiteClock "0:01:03"]
[BlackClock "0:00:01"]

1. d4 e6 2. c4 b6 3. Nf3 Bb7 4. g3 Bb4+ 5. Bd2 Bxf3 6. exf3 Bxd2+ 7. Qxd2 Ne7 8. f4 d5 9. Bg2 Nbc6 10. O-O O-O 11. Nc3 dxc4 12. Rfd1 Nd5 13. Rac1 Nce7 14. Ne4 b5 15. b3 cxb3 16. axb3 a5 17. Nc5 c6 18. Be4 g6 19. h4 h5 20. Kg2 Qc7 21. Nd3 a4 22. bxa4 Rxa4 23. Ne5 b4 24. Bxd5 Nxd5 25. Nxc6 Qb7 26. Qc2 Nc3 27. d5 Ra2 28. Qb3 exd5 29. Rxc3 Rfa8 30. Qxb4 Qd7 31. Ne7+ Kh7 32. Nxd5 Rxf2+ 33. Kxf2 Ra2+ 34. Ke3 Qe6+ 35. Kd4 Qg4 36. Nf6+ 1-0


[Site "https://www.chess.com"]

[Event "Titled Tuesday Blitz February 07 Late 2023"]
[White "Harvey, Marcus R"]
[Black "Rosen, Eric"]
[WhiteFideId "400092"]
[BlackFideId "2032562"]
[WhiteElo "2462"]
[BlackElo "2349"]
[Result "0-1"]
[Round "07"]
[TimeControl "180+2"]
[Date "2023.02.07"]
[WhiteClock "0:00:14"]
[BlackClock "0:00:05"]

1. d4 d5 2. c4 e6 3. Nf3 Nf6 4. g3 dxc4 5. Bg2 Bb4+ 6. Bd2 c5 7. O-O O-O 8. dxc5 Bxc5 9. Ne5 Qc7 10. Bc3 Rd8 11. Qa4 Nbd7 12. Nxc4 Rb8 13. Nba3 a6 14. Rac1 b5 15. Ba5 Qa7 16. Qc2 Rf8 17. Nd2 Bb7 18. Nb3 Bxf2+ 19. Rxf2 Ng4 20. e4 Rbc8 21. Qe2 Ndf6 22. Rf1 Nxf2 23. Rxf2 h5 24. h3 b4 25. Nc2 Bc6 26. Ncd4 Bb5 27. Nxb5 axb5 28. Bf3 Rc4 29. Kg2 Rfc8 30. Qd3 h4 31. gxh4 Nd7 32. Qd6 Nf8 33. h5 Qe3 34. Bxb4 Rc2 35. Bd2 Qa7 36. a3 Rxb2 37. Nd4 Ra2 38. Bb4 Rxf2+ 39. Kxf2 e5 40. Qxe5 Rd8 41. Bc5 Qd7 42. Nf5 Qd2+ 43. Kf1 Ne6 44. Ne7+ Kh8 45. Nd5 Qc1+ 46. Kg2 Qxc5 47. h6 Qf8 48. h4 Kg8 49. Bg4 gxh6 50. Nf6+ Kh8 51. Nh5+ Kg8 52. Qf6 Ng7 53. Nxg7 Rd2+ 54. Kh3 Qxg7 55. Qf4 Qc3+ 56. Bf3 Rd3 57. Kg4 Qxa3 58. Qb8+ Qf8 59. Qe5 Qg7+ 60. Qxg7+ Kxg7 61. e5 b4 62. Be4 Rd4 63. Kf5 Rxe4 64. e6 Rxe6 0-1


[Site "https://www.chess.com"]

[Event "Titled Tuesday Blitz February 07 Late 2023"]
[White "Di Berardino, Diego Rafael"]
[Black "Ozen, Bahadir"]
[WhiteFideId "2105446"]
[BlackFideId "6337058"]
[WhiteElo "2479"]
[BlackElo "2369"]
[Result "0-1"]
[Round "07"]
[TimeControl "180+2"]
[Date "2023.02.07"]
[WhiteClock "0:00:10"]
[BlackClock "0:00:08"]

1. e4 g6 2. d4 Bg7 3. Nc3 e6 4. f4 Ne7 5. Nf3 a6 6. Bd3 b5 7. O-O Nbc6 8. Be3 Nb4 9. f5 Nxd3 10. Qxd3 O-O 11. Nh4 Nxf5 12. Nxf5 exf5 13. exf5 Bb7 14. d5 Qh4 15. Ne4 Rae8 16. Rf4 Qd8 17. f6 Bh8 18. Raf1 Qa8 19. Rh4 Bxd5 20. Ng5 Bc4 21. Qd4 c5 22. Qf4 Bxf1 23. Kxf1 Qc6 24. Nxh7 Re6 25. Nxf8 Rxf6 0-1


[Site "https://www.chess.com"]

[Event "Titled Tuesday Blitz February 07 Late 2023"]
[White "Riehle, Marco"]
[Black "Koellner, Ruben Gideon"]
[WhiteFideId "12904392"]
[BlackFideId "12993093"]
[WhiteElo "2368"]
[BlackElo "2426"]
[Result "1/2-1/2"]
[Round "07"]
[TimeControl "180+2"]
[Date "2023.02.07"]
[WhiteClock "0:01:24"]
[BlackClock "0:00:05"]

1. e4 d6 2. d4 Nf6 3. f3 e5 4. d5 Be7 5. Be3 h6 6. Qd2 Nh5 7. Ne2 Bg5 8. g3 Bxe3 9. Qxe3 Qg5 10. f4 exf4 11. gxf4 Qh4+ 12. Kd2 Nd7 13. Qh3 Qxh3 14. Bxh3 Nc5 15. Bxc8 Rxc8 16. Nbc3 O-O 17. b4 Nd7 18. Rhf1 Rfe8 19. Ng3 Nhf6 20. Rae1 g6 21. e5 dxe5 22. fxe5 Ng4 23. e6 fxe6 24. dxe6 Nde5 25. Kc1 Rxe6 26. h3 Nh2 27. Rf2 Nd3+ 28. cxd3 Rxe1+ 29. Kc2 Re3 30. Nce4 Nf3 31. Nf1 Ne1+ 32. Kd2 Rxd3+ 33. Kxe1 Rxh3 34. Kd2 Rd8+ 35. Kc2 Rhd3 36. Nc3 R3d4 37. a3 Rf8 38. Rd2 Rxd2+ 39. Nxd2 h5 40. Nce4 h4 41. Ng5 Rf5 42. Nh3 g5 43. Kd3 g4 44. Ng1 h3 45. Ne2 Rf2 46. Ng3 Rg2 47. Nde4 h2 48. Nh1 Rg1 49. Neg3 Kf7 50. Ke3 b6 51. Kf4 c5 52. bxc5 bxc5 53. Kxg4 c4 54. Kh3 c3 55. Kxh2 Re1 56. Nf2 c2 57. Nd3 c1=Q 58. Nxe1 Qxe1 59. a4 Qf2+ 60. Kh3 Qa2 61. a5 Qxa5 62. Kg2 Qd2+ 63. Kh3 Qe3 64. Kg2 a5 65. Kh2 a4 66. Kg2 Qxg3+ 67. Kh1 a3 1/2-1/2


[Site "https://www.chess.com"]

[Event "Titled Tuesday Blitz February 07 Late 2023"]
[White "Mikaelyan, Arman"]
[Black "Kourkoulos-Arditis, Stamatis"]
[WhiteFideId "13304852"]
[BlackFideId "4221990"]
[WhiteElo "2523"]
[BlackElo "2539"]
[Result "1-0"]
[Round "07"]
[TimeControl "180+2"]
[Date "2023.02.07"]
[WhiteClock "0:00:11"]
[BlackClock "0:00:05"]

1. a3 d5 2. Nf3 c5 3. b4 e6 4. Bb2 Nf6 5. b5 a6 6. e3 axb5 7. Bxb5+ Bd7 8. Be2 Nc6 9. O-O Bd6 10. c4 O-O 11. Nc3 dxc4 12. Bxc4 Na5 13. Bb5 Nd5 14. Bxd7 Qxd7 15. Qe2 c4 16. Rab1 Rfd8 17. Nd4 Be7 18. Nxd5 Qxd5 19. Bc3 Nb3 20. Qg4 Nxd4 21. Qxd4 Qxd4 22. Bxd4 Rd7 23. Rfc1 Ra4 24. Rb5 f6 25. f4 Kf7 26. Rcb1 Bxa3 27. Rxb7 Rxb7 28. Rxb7+ Kg6 29. Kf2 Bb4 30. Ke2 h5 31. g3 Kf5 32. Rb5+ Kg6 33. h3 Ba5 34. Rb2 Ra3 35. Rc2 Ra4 36. g4 hxg4 37. hxg4 Kf7 38. Rb2 Kg6 39. Kf3 Ra3 40. Rc2 Ra4 41. Ke4 f5+ 42. gxf5+ exf5+ 43. Kf3 Kf7 44. Rb2 g6 45. Ke2 Ra3 46. Rc2 Ra4 47. Rb2 Ke6 48. Rc2 Kd5 49. Bc3 Bxc3 50. Rxc3 Ra1 51. Rc2 Rh1 52. Kf3 Rh3+ 53. Kg2 Rh7 54. Ra2 Rc7 55. Ra6 Rc6 56. Ra5+ Ke4 57. Kf2 Kd3 58. Rd5+ Kc2 59. Ke2 Re6 60. Rd8 Re7 61. Rc8 Re4 62. d3 Re6 63. Rxc4+ Kb3 64. Rc8 Kb4 65. Rc7 Kb5 66. Rc1 Kb6 67. Kf3 Rd6 68. Rc3 Kb5 69. e4 Kb4 70. Rc4+ Kb3 71. Ke3 fxe4 72. Kxe4 Re6+ 73. Kf3 Rd6 74. Ke3 Re6+ 75. Re4 Rd6 76. Re8 Kc3 77. Rc8+ Kb4 78. d4 Re6+ 79. Kd3 Re1 80. d5 Rd1+ 81. Ke4 Re1+ 82. Kd4 Rd1+ 83. Ke5 Re1+ 84. Kd6 Re4 85. Rf8 Kc4 86. Kc6 Kd4 87. d6 Re6 88. Kc7 Kd5 89. d7 Rc6+ 90. Kb7 Rd6 91. d8=Q Rxd8 92. Rxd8+ Ke4 93. Rf8 1-0


[Site "https://www.chess.com"]

[Event "Titled Tuesday Blitz February 07 Late 2023"]
[White "Yanchenko, Roman"]
[Black "Saveliev, Alexei"]
[WhiteFideId "4137329"]
[BlackFideId "24128546"]
[WhiteElo "2466"]
[BlackElo "2385"]
[Result "1/2-1/2"]
[Round "07"]
[TimeControl "180+2"]
[Date "2023.02.07"]
[WhiteClock "0:00:07"]
[BlackClock "0:00:47"]

1. d4 g6 2. Nf3 Bg7 3. c4 d6 4. Nc3 Nc6 5. e3 e5 6. Be2 f5 7. dxe5 Nxe5 8. O-O Nxf3+ 9. Bxf3 Nf6 10. Qb3 Rb8 11. Rd1 Qe7 12. Bd2 O-O 13. c5+ Be6 14. cxd6 cxd6 15. Nd5 Qf7 16. Bb4 Rfd8 17. Rac1 Rbc8 18. Rxc8 Rxc8 19. Nxf6+ Bxf6 20. Qa3 Rc2 21. Qxa7 Rxb2 22. Bxd6 Rxa2 23. Qxb7 Qxb7 24. Bxb7 Ra1 25. Rxa1 Bxa1 26. g3 Kf7 27. Bc5 Bf6 28. Bd4 Be7 29. f3 Bd6 30. Bc6 Be7 31. Kf2 Bd6 32. e4 fxe4 33. fxe4 Be7 34. Ke3 Bg5+ 35. Kd3 Be7 36. Be5 Bc5 37. Bd5 Bg1 38. g4 h5 39. g5 Ke7 40. Bb7 Bb6 41. Bf4 Kf7 42. Kc3 Bc5 43. Bc6 Ke7 44. Bb5 Kf7 45. Kd3 Ke7 46. Bg3 Kf7 47. Bc7 Ke7 48. Ke2 Kf7 49. Kf3 Be7 50. Kf4 Bb4 51. Kf3 Ke7 52. Be5 Kf7 53. Bd4 Bd6 54. h4 Bb4 55. Bf2 Ke7 56. Kf4 Bd6+ 57. Ke3 Bc5+ 58. Ke2 Bb4 59. Kd3 Ba3 60. Kd4 Bb4 61. Bc6 Ba3 62. Be1 Bb2+ 63. Ke3 Be5 64. Bd5 Bb2 65. Bb7 Be5 66. Bc6 Bb2 67. Kf4 Bd4 68. Bb4+ Kf7 69. Bd6 Bf2 70. Ba3 Bxh4 71. Bb4 Bf2 72. Kf3 Bd4 73. Bd2 Be5 74. Bf4 Bd4 75. Ke2 Bc4+ 76. Kf3 Be6 77. Bg3 Ke7 78. Ke2 Bc5 79. Bb5 Bd4 80. Kd3 Bb2 81. Bf4 h4 82. Ke3 Bc1+ 83. Kf3 Bxf4 84. Kxf4 h3 85. Kg3 Bc8 86. Bd3 Kd6 87. e5+ Kxe5 88. Bxg6 Bf5 89. Bh5 Ke6 90. Bf3 Kf7 91. Kh4 h2 92. Kg3 Kg6 93. Kxh2 Kxg5 1/2-1/2


[Site "https://www.chess.com"]

[Event "Titled Tuesday Blitz February 07 Late 2023"]
[White "Gadimbayli, Abdulla"]
[Black "Shapiro, Viktor"]
[WhiteFideId "13404938"]
[BlackFideId "4175700"]
[WhiteElo "2500"]
[BlackElo "2192"]
[Result "1-0"]
[Round "07"]
[TimeControl "180+2"]
[Date "2023.02.07"]
[WhiteClock "0:00:05"]
[BlackClock "0:00:12"]

1. e4 Nf6 2. e5 Nd5 3. d4 d6 4. Nf3 Bg4 5. Be2 e6 6. O-O Be7 7. a4 a5 8. c3 Nc6 9. Nbd2 Nf4 10. Bb5 dxe5 11. Nc4 e4 12. Bxf4 exf3 13. gxf3 Bh3 14. Ne5 O-O 15. Nxc6 bxc6 16. Bxc6 Bd6 17. Bg3 Rb8 18. Re1 Rxb2 19. Re2 Rb6 20. Bb5 h5 21. c4 Bxg3 22. hxg3 Rd6 23. Rd2 c5 24. d5 Bf5 25. Raa2 e5 26. Bc6 Qg5 27. Qe1 Bg6 28. Qe3 Qf5 29. Qxc5 Rf6 30. d6 Rd8 31. d7 Qe6 32. Bd5 Qa6 33. Qe7 Qb6 34. c5 Qc7 35. c6 Kh7 36. Rab2 e4 37. Rb7 Rxd7 38. Qxd7 Qe5 39. Bxe4 Bxe4 40. fxe4 Qg5 41. Qd5 Qg4 42. c7 h4 43. c8=Q Qf3 44. e5 h3 45. Qxf3 Rxf3 46. Kh2 1-0


[Site "https://www.chess.com"]

[Event "Titled Tuesday Blitz February 07 Late 2023"]
[White "O`Gorman, Tom"]
[Black "Kosakowski, Jakub"]
[WhiteFideId "2508249"]
[BlackFideId "1185080"]
[WhiteElo "2355"]
[BlackElo "2485"]
[Result "0-1"]
[Round "07"]
[TimeControl "180+2"]
[Date "2023.02.07"]
[WhiteClock "0:00:27"]
[BlackClock "0:00:41"]

1. d4 Nf6 2. c4 g6 3. Nf3 Bg7 4. g3 d5 5. Bg2 dxc4 6. O-O O-O 7. Na3 c3 8. bxc3 c5 9. Rb1 Nc6 10. Nc4 Nd5 11. Bd2 Nb6 12. Nxb6 axb6 13. dxc5 bxc5 14. Be3 Qxd1 15. Rfxd1 Rxa2 16. Bxc5 Rxe2 17. Nd4 Nxd4 18. Bxd4 Bxd4 19. cxd4 Rd8 20. Bxb7 Bf5 21. Rbc1 Bc2 22. Re1 Rxe1+ 23. Rxe1 e6 24. Rc1 Bd3 25. Rd1 Be2 26. Rd2 Bc4 27. Kg2 Kf8 28. Kf3 Ke7 29. Ke4 Rb8 30. Bc6 Kd6 31. Ba4 Ra8 32. Bd1 Ra3 33. Kf4 f6 34. h4 h6 35. Bc2 g5+ 36. hxg5 hxg5+ 37. Kg4 Ra2 38. d5 exd5 39. Kf5 Rxc2 40. Rxc2 Bd3+ 41. Kxf6 Bxc2 42. Kxg5 Ke5 43. f4+ Ke4 44. f5 d4 45. f6 Bb3 46. g4 d3 47. Kg6 d2 48. g5 d1=Q 49. f7 Bxf7+ 50. Kf6 Qf3+ 51. Kg7 Qf5 52. g6 Qxg6+ 53. Kh8 Qg8# 0-1


[Site "https://www.chess.com"]

[Event "Titled Tuesday Blitz February 07 Late 2023"]
[White "Ismagilov, Damir"]
[Black "Timmermans, Mark"]
[WhiteFideId "34199982"]
[BlackFideId "1026399"]
[WhiteElo "2156"]
[BlackElo "2392"]
[Result "0-1"]
[Round "07"]
[TimeControl "180+2"]
[Date "2023.02.07"]
[WhiteClock "0:01:14"]
[BlackClock "0:02:08"]

1. e4 e5 2. Nf3 Nc6 3. Nc3 Nf6 4. a4 Be7 5. Bb5 O-O 6. O-O d6 7. Bxc6 bxc6 8. d4 exd4 9. Nxd4 Bd7 10. b3 c5 11. Nf5 Nxe4 12. Nxe7+ Qxe7 13. Re1 Qf6 14. Rxe4 Qxc3 15. Bd2 Qf6 16. Qe2 Qxa1+ 0-1


[Site "https://www.chess.com"]

[Event "Titled Tuesday Blitz February 07 Late 2023"]
[White "Goltsev, Dmitry"]
[Black "Schekachikhin, Maksim"]
[WhiteFideId "24176710"]
[BlackFideId "24177830"]
[WhiteElo "2269"]
[BlackElo "2371"]
[Result "1/2-1/2"]
[Round "07"]
[TimeControl "180+2"]
[Date "2023.02.07"]
[WhiteClock "0:00:19"]
[BlackClock "0:00:07"]

1. e4 e6 2. d4 d5 3. exd5 exd5 4. Nf3 Bf5 5. c4 Bxb1 6. Rxb1 Bb4+ 7. Bd2 Bxd2+ 8. Qxd2 Nf6 9. Bd3 dxc4 10. Bxc4 O-O 11. O-O Nc6 12. Rbd1 Qd6 13. Rfe1 Rad8 14. Qg5 h6 15. Qf5 Rfe8 16. h3 Rxe1+ 17. Rxe1 Nxd4 18. Nxd4 Qxd4 19. Bb3 Qd6 20. g4 b6 21. h4 Qb4 22. Rc1 c5 23. Rc4 Qe1+ 24. Kg2 Rd4 25. Rxd4 cxd4 26. Bc2 Qe6 27. Qxe6 fxe6 28. g5 hxg5 29. hxg5 Nd5 30. Kf3 Nb4 31. Bb3 Kf7 32. Ke4 Nc6 33. Ba4 Nb4 34. Kxd4 Nxa2 35. Kc4 Ke7 36. Bb3 Nc1 37. Bd1 Kd6 38. b4 a5 39. bxa5 bxa5 40. Kb5 Nd3 41. f3 a4 42. Bxa4 Ke5 43. Kc6 Kf4 44. Kd6 e5 45. Bc6 Kxg5 46. Be4 Kf4 47. Bxd3 Kxf3 48. Kxe5 g6 49. Bxg6 1/2-1/2


[Site "https://www.chess.com"]

[Event "Titled Tuesday Blitz February 07 Late 2023"]
[White "Vega Gutierrez, Sabrina"]
[Black "Salimova, Nurgyul"]
[WhiteFideId "2219026"]
[BlackFideId "2915138"]
[WhiteElo "2377"]
[BlackElo "2391"]
[Result "0-1"]
[Round "07"]
[TimeControl "180+2"]
[Date "2023.02.07"]
[WhiteClock "0:00:03"]
[BlackClock "0:00:12"]

1. e4 c6 2. d4 d5 3. e5 Bf5 4. Nd2 e6 5. Nb3 c5 6. dxc5 Bxc5 7. Nxc5 Qa5+ 8. c3 Qxc5 9. Nf3 Qc7 10. Bb5+ Nc6 11. O-O Ne7 12. Re1 O-O 13. Bxc6 Nxc6 14. Bf4 a5 15. Nd4 Nxd4 16. Qxd4 a4 17. Re3 Rfc8 18. h4 Qc4 19. Rd1 Qxa2 20. Qb4 Qb3 21. Rd4 Qxb4 22. Rxb4 Rc4 23. Rxc4 dxc4 24. Re1 a3 25. bxa3 Rxa3 26. Rc1 Bd3 27. Be3 h5 28. f3 Ra2 29. Rd1 Rc2 30. Bd4 b5 31. Ra1 Kh7 32. Ra7 Kg6 33. Rb7 Rb2 34. Bc5 f6 35. exf6 gxf6 36. g4 Be2 37. gxh5+ Kxh5 38. Rh7+ Kg6 39. Re7 e5 40. Re6 Kf5 41. Rb6 Bxf3 42. Be7 Kg4 43. Rxf6 Kg3 44. Rg6+ Bg4 0-1


[Site "https://www.chess.com"]